 Dungeon Crawl Stone Soup version 0.31.0-12-g77e489cdc1 (webtiles) character file.

Game seed: 697860968982658484

194 Gadfly the Insei (level 5, 0/41 HPs)
             Began as a Demonspawn Monk on Feb 11, 2024.
             Slain by an adder (4 damage)
             ... on level 3 of the Dungeon.
             The game lasted 00:04:41 (3588 turns).

Gadfly the Insei (Demonspawn Monk)                  Turns: 3588, Time: 00:04:42

Health: 0/41       AC:  3    Str: 13    XL:     5   Next: 44%
Magic:  5/5        EV: 13    Int: 11    God:
Gold:   108        SH:  0    Dex: 15    Spells: 2/4 levels left

rFire   . . .        b - +2 short sword (vamp)
rCold   . . .        c - orb {light}
rNeg    . . .        a - +1 robe
rPois   .            (helmet currently unavailable)
rElec   .            (cloak currently unavailable)
rCorr   .            (gloves currently unavailable)
SInv    .            (boots currently unavailable)
Will    .....        i - amulet of faith
Stlth   +            (no ring)
HPRegen 0.26/turn    (no ring)
MPRegen 0.09/turn

%: faith
@: lethally poisoned (0 -> -4), beast-form, glowing
A: beast (slay +1), claws 1, powered by death 1
a: Begin Untransformation


You were on level 3 of the Dungeon.
You were a hulking beast.
You visited 1 branch of the dungeon, and saw 4 of its levels.

You collected 108 gold pieces.

Inventory:

Hand Weapons
 b - a +2 vampiric short sword (weapon)
Armour
 a - a +1 robe (worn)
 c - an orb of light (worn)
Jewellery
 i - an amulet of faith (around neck)
Talismans
 k - a beast talisman (active)
Wands
 h - a wand of flame (26) (quivered)
 m - a wand of roots (3)
Scrolls
 e - a scroll of teleportation
 l - a scroll of enchant armour
Potions
 d - 2 potions of curing
 f - a potion of might
 g - 2 potions of haste
 j - a potion of attraction


   Skills:
 + Level 3.0 Fighting
 + Level 3.3 Dodging
 * Level 3.7 Unarmed Combat
 * Level 2.5 Evocations
 * Level 2.1 Shapeshifting


You had 2 spell levels left.
You knew the following spells:

 Your Spells              Type           Power      Damage    Failure   Level
a - Call Imp              Summ           0%         N/A       47%         2

Your spell library contained the following spells:

 Spells                   Type           Power      Damage    Failure   Level
 Magic Dart               Conj           0%         1d3       34%         1
 Ensorcelled Hibernation  Hex/Ice        0%         N/A       47%         2
 Searing Ray              Conj           0%         2d4       47%         2
 Sublimation of Blood     Necr           0%         N/A       47%         2
 Fugue of the Fallen      Necr           0%         N/A       71%         3
 Anguish                  Hex/Necr       0%         N/A       98%         4
 Fulminant Prism          Conj/Alch      0%         3d5       98%         4
 Summon Hydra             Summ           0%         N/A       100%        7


Dungeon Overview and Level Annotations

Branches:
Dungeon (4/15)
 Temple: D:4-7

Altars:
Vehumet
Wu Jian


Innate Abilities, Weirdness & Mutations

You are a hulking beast.
Your limbs bulge with bestial killing power. (Slay +1)
You have sharp fingernails.
You regenerate a little health from kills.


Message History

You are too injured to fight recklessly!
You are too injured to fight recklessly!
You are too injured to fight recklessly!
You are too injured to fight recklessly!
You are too injured to fight recklessly!
You are too injured to fight recklessly!
You are too injured to fight recklessly!
You are too injured to fight recklessly!
The adder bites you. x2
* * * LOW HITPOINT WARNING * * *
The adder attacks as it pursues you! The adder bites you but does no damage.
There is a stone staircase leading up here.
The adder bites you.
* * * LOW HITPOINT WARNING * * *
The orc hits you with a +0 hand axe.
* * * LOW HITPOINT WARNING * * *
The orc hits you with a +0 hand axe.
* * * LOW HITPOINT WARNING * * *
You climb upwards.
There is a stone staircase leading down here.
The adder attacks as it pursues you! The adder bites you but does no damage.
The orc barely misses you. The orc hits you with a +0 hand axe.
* * * LOW HITPOINT WARNING * * *
You feel better. The adder bites you but does no damage.
The orc closely misses you. The adder bites you.
* * * LOW HITPOINT WARNING * * *
The orc hits you with a +0 hand axe.
* * * LOW HITPOINT WARNING * * *
The orc attacks as it pursues you! The orc hits you but does no damage.
The orc hits you with a +0 hand axe.
* * * LOW HITPOINT WARNING * * *
The adder attacks as it pursues you! The adder bites you but does no damage.
Okay, then.
You hit the adder.
You feel better.
The adder is lightly wounded.
The adder bites you.
* * * LOW HITPOINT WARNING * * *
You are lethally poisoned!
The adder poisons you! The adder bites you.
You die...

###.# ##...## #....# ....#
##'## #....# ###.# #.#
#...## #.# #.# ##.## #.#
##.## #.# ###.####
##...#########.# .......#
#....o#........#
.#####.#####...#...#######
.# #.#.....(oSh..# .#
#......>..#...# .#
#.#.####..##### .#####.#.#
#..# >......#.####..#
########.....).# ######)##
#<# #.#


You could see an adder and 2 orcs.

Vanquished Creatures
  Jessica (D:2)
  4 gnolls
  3 adders
  8 dart slugs
  4 ribbon worms
  5 orcs
  5 ball pythons
  4 endoplasms
  2 giant cockroaches
  6 goblins
  5 hobgoblins
  4 jackals (D:1)
  5 quokkas
  7 bats
  2 frilled lizards (D:2)
  9 kobolds
  2 rats
76 creatures vanquished.

Notes
Turn   | Place    | Note
-------+----------+-------------------------------------------
     0 | D:1      | Gadfly the Demonspawn Monk began the quest for the Orb.
     0 | D:1      | Reached XP level 1. HP: 18/18 MP: 1/1
   216 | D:1      | Gained mutation: You have sharp fingernails. [demonic
                  | ancestry]
   216 | D:1      | Reached XP level 2. HP: 21/24 MP: 2/2
   625 | D:1      | Reached skill level 1 in Evocations
   883 | D:1      | Reached XP level 3. HP: 26/29 MP: 3/3
   964 | D:1      | Reached skill level 1 in Shapeshifting
  1233 | D:2      | Noticed Jessica
  1237 | D:2      | Killed Jessica
  1314 | D:2      | Reached XP level 4. HP: 31/35 MP: 4/4
  1630 | D:2      | Found a faded altar of an unknown god.
  1677 | D:2      | Found an ornate altar of the Wu Jian Council.
  2405 | D:3      | Gained mutation: You regenerate a little health from kills.
                  | [demonic ancestry]
  2405 | D:3      | Reached XP level 5. HP: 29/41 MP: 5/5
  2415 | D:2      | HP: 2/41 [gnoll/+0 spear (6)]
  3213 | D:3      | Found a radiant altar of Vehumet.
  3516 | D:3      | Learned a level 2 spell: Call Imp
  3588 | D:3      | Slain by an adder

Illustrated notes

Levels and vault maps discovered:
D:1:      psy_arrival_radial02, layout_loops_corners, grunt_decor_fettered,
          minmay_tromino_v4_c
D:2:      layout_basic, basic_altar, basic_ecumenical_altar,
          minmay_quadrilaterals, uniq_jessica
D:3:      layout_loops_corners, fiery_altar_vehumet, kennysheep_minor_cross
D:4:      layout_rooms, nemelex_dance_club_becter, lemuel_round_altar

Skill      XL: |  1  2  3  4  5 |
---------------+----------------+-----
Evocations     | 1 2 |  2.5
Unarmed Combat | 3 |  3.7
Shapeshifting  | 1 2 |  2.1
Dodging        | 3 |  3.3
Fighting       | |  3.0

Action                     |  1- 3 |  4- 6 || total
---------------------------+-------+-------++-------
  Melee: Unarmed           |    26 |       ||    26
         Short sword       |    36 |   138 ||   174
  Evoke: Wand              |       |     1 ||     1
    Use: Scroll            |     4 |     4 ||     8
         Potion            |       |     2 ||     2
 Armour: Robe              |    28 |    94 ||   122
  Dodge: Dodged            |    41 |   106 ||   147
   Form: Beast             |     1 |       ||     1
